 Dungeon Crawl Stone Soup version 0.24-a0-693-g39a19ac0f1 (webtiles) character file.

Game seed: 10397984873664304712, levelgen mode: deterministic

24 Coffinworm the Ruffian (level 2, -1/23 HPs)
             Began as a Draconian Transmuter on Sept 28, 2019.
             Slain by Terence
             ... wielding a +0 flail
              (6 damage)
             ... on level 1 of the Dungeon.
             The game lasted 00:11:23 (1473 turns).

Coffinworm the Ruffian (Draconian Transmuter)       Turns: 1473, Time: 00:11:24

Health: -1/23      AC:  4    Str: 12    XL:     2   Next: 79%
Magic:  5/5        EV: 12    Int: 13    God:
Gold:   59         SH:  0    Dex: 11    Spells: 4/5 levels left

rFire    . . .     SeeInvis .   e - +0 club
rCold    . . .     Gourm    .   (no shield)
rNeg     . . .     Faith    .   (armour unavailable)
rPois    .         Spirit   .   (helmet restricted)
rElec    .         Reflect  .   (no cloak)
rCorr    .         Harm     .   (no gloves)
MR       .....                  (no boots)
Stlth    +.........             (no amulet)
HPRegen  0.07/turn              (no ring)
MPRegen  0.09/turn              (no ring)

@: no status effects
A: unfitting armour, cold-blooded, AC +4
a: no special abilities


You were on level 1 of the Dungeon.
You were not hungry.

You visited 1 branch of the dungeon, and saw 2 of its levels.

You collected 59 gold pieces.

Inventory:

Hand Weapons
 b - a +0 dagger
 e - a +0 club (weapon)
 g - a +0 dagger
 h - a +0 dagger
 i - a +0 dagger
 k - a +0 dagger
 l - a +2 dagger of freezing
 o - a +0 short sword
Missiles
 a - 41 arrows
 d - 36 stones (quivered)
 j - 19 bolts
Jewellery
 m - an uncursed ring of wizardry {unknown}
Scrolls
 f - a scroll of enchant armour {unknown}
Potions
 c - a potion of flight {unknown}
Comestibles
 n - a ration


   Skills:
 + Level 1.1 Fighting
 + Level 0.4 Maces & Flails
 + Level 1.9 Dodging
 + Level 0.2 Stealth
 + Level 3.4 Unarmed Combat
 + Level 2.2 Spellcasting
 + Level 2.1 Transmutations


You had 4 spell levels left.
You knew the following spells:

 Your Spells              Type           Power        Failure   Level  Hunger
a - Beastly Appendage     Tmut           #.....       11%         1    ##.....

Your spell library contained the following spells:

 Spells                   Type           Power        Failure   Level  Hunger
 Sticks to Snakes         Tmut           #.......     16%         2    ###....
 Spider Form              Tmut/Pois      #.........   43%         3    ####...
 Ice Form                 Ice/Tmut       #.......     85%         4    #####..
 Blade Hands              Tmut           #.........   96%         5    ######.


Dungeon Overview and Level Annotations

Branches:
Dungeon (2/15)

Altars:

Annotations:
D:1 Terence


Innate Abilities, Weirdness & Mutations

Your plain brown scales are hard. (AC +4)
You cannot fit into any form of body armour.
You are cold-blooded and may be slowed by cold attacks.


Message History

You climb upwards.
There is a stone staircase leading down here.
Terence misses you. Terence closely misses you.
Terence says, "Don't bother to defend, it's pointless."
You closely miss Terence.
Your tail-slap misses Terence.
Terence is lightly wounded.
Terence misses you.
You barely miss Terence.
Terence is lightly wounded.
Terence misses you. Terence closely misses you.
You hit Terence.
Terence is moderately wounded.
Terence hits you with a +0 flail.
* * * LOW HITPOINT WARNING * * *
Terence closely misses you. Terence says, "Did you write a will?
You should..."
Terence hits you with a +0 flail.
You die...

##.# #..# ##.####..#
##.##...##
##.##..############
#...........#.....##
#..................##
....................#
...............@....#
................@...#
...##...............#
..###...............#
.## #..............##
.# #.#.....#.....##
## ##.####..#######
## #..# #.##
.###.#####.#
.....###...#


You could see Terence.

Vanquished Creatures
  A dart slug (D:1)
  A ball python (D:1)
  3 goblins (D:1)
  2 hobgoblins (D:1)
  5 bats (D:1)
  2 frilled lizards (D:1)
  4 kobolds (D:1)
  4 rats (D:1)
22 creatures vanquished.

Notes
Turn   | Place    | Note
-------+----------+-------------------------------------------
     0 | D:1      | Coffinworm the Draconian Transmuter began the quest for the
                  | Orb.
     0 | D:1      | Reached XP level 1. HP: 16/16 MP: 3/3
   364 | D:1      | Reached XP level 2. HP: 20/23 MP: 5/5
   733 | D:1      | HP: 1/23 [bat (1)]
  1411 | D:2      | Noticed Terence
  1473 | D:1      | Slain by Terence

Levels and vault maps discovered:
D:1:      tarquinn_simple_flora_water_d, layout_rooms
D:2:      layout_basic, uniq_terence

Action                   || total
-------------------------++-------
Melee: Club              ||    81
       Unarmed           ||    13
       Tailslap          ||     5
Throw: Stone             ||     3
  Eat: Ration            ||     1
Armor: Skin              ||    37
Dodge: Dodged            ||   103

Table legend:
 A = Non-vault XP
 B = Vault XP
 C = Vault XP percentage of total XP
 D = Non-vault monster count
 E = Vault monster count
 F = Vault count percentage of total count
                 A         B        C        D         E       F
            +---------+---------+-------+---------+---------+-------
      Total |      35 |       0 |   0.0 |      22 |       0 |   0.0
            +---------+---------+-------+---------+---------+-------
        D:1 |      35 |       0 |   0.0 |      22 |       0 |   0.0
            +---------+---------+-------+---------+---------+-------
